 Dungeon Crawl Stone Soup version 0.13-a0-2477-geaae114 (webtiles) character file.

3434 Rycklaryybbe the Spear-Bearer (level 9, -8/57 HPs)
             Began as a Vampire Necromancer on July 19, 2013.
             Was an Elder of Cheibriados.
             Killed by divine providence
             ... invoked by an orc priest
              (11 damage)
             ... on Level 8 of the Dungeon.
             The game lasted 00:30:29 (6560 turns).

Rycklaryybbe the Spear-Bearer (Vampire Necromancer) Turns: 6560, Time: 00:30:29

HP  -8/57        AC 25     Str 17      XL: 9   Next: 70%
MP   4/4         EV  5     Int 24 (26) God: Cheibriados [****..]
Gold 138         SH 12     Dex 25      Spells:  3 memorised,  4 levels left

Res.Fire  : . . .   See Invis. : +   B - +3,+6 trident "Qotzur" {antimagic, rPois S Res.Cold : + . . Warding : . v - +13 chain mail "Trusted Companion" {rC+} Life Prot.: . . . Conserve : . I - +2 buckler {AC+3}
Res.Poison: +       Res.Corr.  : .   (no helmet)
Res.Elec. : .       Clarity    : .   (no cloak)
Sust.Abil.: . .     Spirit.Shd : .   y - -1 pair of gloves
Res.Mut.  : .       Stasis     : .   H - +0 pair of boots
Res.Rott. : .       Flight     : .   (no amulet)
Saprovore : . . .                    d - ring of see invisible
                                     l - +4,+5 ring of slaying {unknown}

@: regenerating quickly, very slow, somewhat resistant to hostile enchantments,
quite stealthy
A: bottle blood, fangs 3, see invisible, unbreathing
a: Bottle Blood, Bend Time, Temporal Distortion, Slouch, Renounce Religion


You were on level 8 of the Dungeon.
You worshipped Cheibriados.
Cheibriados was extremely pleased with you.
You were very full.

You visited 2 branches of the dungeon, and saw 9 of its levels.

You collected 227 gold pieces.
You spent 109 gold pieces at shops.

Inventory:

Hand weapons
 f - a +0,+0 glaive
 h - a +3,+2 elven dagger
 p - a -3,-3 spear (quivered)
 B - the +3,+6 trident "Qotzur" (weapon) {antimagic, rPois Stlth++}
   (You found it on level 5 of the Dungeon)

   It disrupts the flow of magical energy around spellcasters and certain
   magical creatures (including the wielder).
   It protects you from poison.
   It makes you much more stealthy.
 D - a +1,+2 dagger of venom
 J - a -3,-1 orcish dagger
 K - a -4,+0 orcish trident
Missiles
 j - 6 needles of slowing
 G - a throwing net
Armour
 a - a +0 robe
 n - a cursed +0 elven leather armour
 t - a +0 cloak
 u - a +1 pair of gauntlets
 v - the +13 chain mail "Trusted Companion" (worn) {rC+}
   (You found it on level 4 of the Dungeon)

   It protects you from cold.
 y - a -1 pair of gloves (worn)
 H - a +0 pair of boots (worn)
 I - a +2 buckler of protection (worn)
 L - a +3 orcish chain mail
Magical devices
 c - a wand of teleportation (5) {unknown}
 s - a wand of fireball (4) {unknown}
Scrolls
 e - a scroll of remove curse
 m - a scroll of noise {unknown}
 q - 2 scrolls of identify
 z - a scroll of enchant weapon I {unknown}
 C - 2 scrolls of fog
 F - a scroll of enchant weapon II {unknown}
Jewellery
 d - a ring of see invisible (right hand)
 l - a +4,+5 ring of slaying (left hand) {unknown}
Potions
 g - 2 potions of curing
 k - 4 potions of blood
 x - a potion of speed
 A - a potion of flight
Books
 b - a book of Necromancy

   Spells                             Type                      Level
   *Pain                              Necromancy                   1
   Animate Skeleton                   Necromancy                   1
   *Lethal Infusion                   Charms/Necromancy            2
   *Vampiric Draining                 Necromancy                   3
   Regeneration                       Charms/Necromancy            3
   Animate Dead                       Necromancy                   4
   Control Undead                     Necromancy                   4
 i - a book of Burglary

   Spells                             Type                      Level
   Apportation                        Translocation                1
   Swiftness                          Charms/Air                   2
   Passwall                           Transmutation/Earth          3
   Passage of Golubria                Translocation                4
   Lee's Rapid Deconstruction         Earth                        5
   Darkness                           Hexes                        7
 o - a book of Alchemy

   Spells                             Type                      Level
   *Lethal Infusion                   Charms/Necromancy            2
   Sublimation of Blood               Necromancy                   2
   Condensation Shield                Ice                          4
   Alistair's Intoxication            Transmutation/Poison         4
   Petrify                            Transmutation/Earth          4
   Ignite Poison                      Fire/Transmutation           5
 r - a book of Ice

   Spells                             Type                      Level
   Freezing Aura                      Charms/Ice                   2
   Ensorcelled Hibernation            Hexes/Ice                    2
   Ozocubu's Refrigeration            Ice                          6
   Bolt of Cold                       Conjuration/Ice              6
   Freezing Cloud                     Conjuration/Ice/Air          6
   Metabolic Englaciation             Hexes/Ice                    6
   Simulacrum                         Ice/Necromancy               6
 w - a Young Poisoner's Handbook

   Spells                             Type                      Level
   Sting                              Conjuration/Poison           1
   Cure Poison                        Poison                       2
   Mephitic Cloud                     Conjuration/Poison/Air       3
   Olgreb's Toxic Radiance            Poison                       4
   Venom Bolt                         Conjuration/Poison           5


   Skills:
 + Level 10.7 Polearms
 - Level 0.4 Armour
 - Level 2.1 Dodging
 - Level 7.0 Stealth
 - Level 3.6 Unarmed Combat
 - Level 1.0 Spellcasting
 - Level 6.5 Necromancy


You had 4 spell levels left.
You knew the following spells:

 Your Spells              Type           Power        Failure   Level  Hunger
a - Pain                  Necr           ####         56%         1    ##.....
b - Vampiric Draining     Necr           ####......   98%         3    ####...
c - Lethal Infusion       Chrm/Necr      ###.......   100%        2    ###....


Dungeon Overview and Level Annotations

Branches:
Dungeon (8/27)             Temple (1/1) D:4
    Orc: D:6-11        Lair: D:8-13

Altars:
Ashenzari
Cheibriados
Elyvilon
Fedhas
Kikubaaqudgha
Makhleb
Nemelex Xobeh
Trog
Vehumet
Xom
Yredelemnul
Zin
the Shining One

Shops:
D:5: [ D:7: [*!*(


Innate Abilities, Weirdness & Mutations

Your natural rate of healing is unusually fast.
You can bottle blood from corpses.
You have razor-sharp teeth.*
You have supernaturally acute eyesight.
You can survive without breathing.*


Message History

Pain shoots through your body!
* * * LOW HITPOINT WARNING * * *
The orc priest hits you but does no damage.
You puncture the orc priest!
You kill the orc priest!
Cheibriados appreciates the change of pace.
The orc priest utters an invocation to Beogh.
You feel troubled.
You hit the orc. You bite the orc.
You kill the orc!
Cheibriados appreciates the change of pace.
The orc priest utters an invocation to Beogh.
You feel troubled. The orc hits you but does no damage.
The orc priest calls down the wrath of Beogh upon you.
Something smites you!
* * * LOW HITPOINT WARNING * * *
Unknown command.
The orc priest mumbles some strange prayers to Beogh against you.
Something smites you!
You die...

####################
...........)o....... .
#.#....o..#......o.
..##.#[..@####.o.....
%....#....####.......
..............+......o
.........#.####......
##.......#.# .....
#.##+##.#.. ....
#.##.#.## . # #.##.#..
#. #.##.###


You could see an orc priest and an orc.

Vanquished Creatures
  The ghost of Fv001 the Shield-Bearer, an experienced DrFi of the Shining One (D:7)
  A hungry ghost (D:7)
  A necrophage (D:6)
  An ice beast (D:7)
  2 sky beasts
  4 orc warriors
  A black bear (D:7)
  2 centaurs (D:5)
  2 ogres
  A human (D:7)
  Duvessa (D:7)
  Sigmund (D:3)
  A giant frog (D:6)
  A goliath beetle (D:7)
  Dowan (D:7)
  8 crimson imps
  A giant frog skeleton (D:4)
  5 orc priests
  2 hounds
  An iguana (D:6)
  6 scorpions
  3 orc wizards
  2 worker ants
  Ijyb (D:2)
  4 sheep (D:7)
  A jelly (D:5)
  A hound skeleton (D:5)
  A mummy (D:6)
  3 gnolls (D:3)
  10 adders
  A giant mite (D:2)
  4 worms
  An adder skeleton (D:5)
  An adder zombie (D:7)
  A giant eyeball (D:3)
  A giant gecko (D:3)
  An ooze (D:2)
  9 orcs
  A ball python (D:2)
  13 bats
  4 giant cockroaches
  13 goblins
  13 hobgoblins
  4 quokkas
  7 giant newts
  3 jackals (D:5)
  11 kobolds
  18 rats
176 creatures vanquished.

Notes
Turn   | Place    | Note
--------------------------------------------------------------
     0 | D:1      | Rycklaryybbe, the Vampire Necromancer, began the quest for the Orb.
     0 | D:1      | Reached XP level 1. HP: 13/13 MP: 4/4
   232 | D:1      | Reached XP level 2. HP: 19/19 MP: 5/5
   579 | D:1      | Reached skill level 5 in Stealth
   716 | D:2      | Reached XP level 3. HP: 20/24 MP: 6/6
   749 | D:2      | Learned a level 3 spell: Vampiric Draining
   799 | D:2      | Reached skill level 6 in Stealth
  1184 | D:2      | Noticed Ijyb
  1200 | D:2      | Killed Ijyb
  1200 | D:2      | Reached skill level 7 in Stealth
  1200 | D:2      | Reached XP level 4. HP: 20/30 MP: 1/8
  1732 | D:3      | Noticed Sigmund
  1998 | D:3      | Reached skill level 5 in Necromancy
  2096 | D:3      | Reached XP level 5. HP: 15/35 MP: 7/9
  2255 | D:4      | Learned a level 2 spell: Lethal Infusion
  2448 | D:3      | HP: 1/35 [Sigmund/puff of flame (7)]
  2619 | D:3      | Killed Sigmund
  2850 | D:3      | Paralysed by a giant eyeball for 2 turns
  3075 | D:4      | Got a crude chain mail
  3088 | D:4      | Identified the +13 chain mail "Trusted Companion" {rC+} (You found it on level 4 of the Dungeon)
  3117 | D:4      | Found a staircase to the Ecumenical Temple.
  3126 | Temple   | Entered the Ecumenical Temple
  3477 | Temple   | Became a worshipper of Cheibriados the Contemplative
  3632 | D:4      | Reached XP level 6. HP: 32/41 MP: 10/10
  3762 | D:4      | Reached skill level 1 in Unarmed Combat
  3992 | D:5      | Entered Level 5 of the Dungeon
  4251 | D:5      | Got a twisted trident
  4252 | D:5      | Identified the trident "Qotzur" {antimagic, rPois Stlth++} (You found it on level 5 of the Dungeon)
  4331 | D:5      | Reached skill level 1 in Polearms
  4364 | D:5      | Found a shimmering altar of Xom.
  4383 | D:5      | Reached XP level 7. HP: 23/46 MP: 3/11
  4468 | D:5      | Acquired Cheibriados' first power
  4601 | D:5      | Found a glowing golden altar of the Shining One.
  4713 | D:5      | Found Afiulodi's Antique Armour Boutique.
  5009 | D:6      | Reached skill level 5 in Polearms
  5054 | D:6      | Reached XP level 8. HP: 46/52 MP: 4/13
  5749 | D:7      | Reached skill level 8 in Polearms
  5767 | D:7      | Noticed Fv001's ghost (experienced DrFi)
  5791 | D:7      | Killed Fv001's ghost
  5791 | D:7      | Reached skill level 9 in Polearms
  5791 | D:7      | Reached XP level 9. HP: 12/57 MP: 4/14
  5961 | D:7      | Found Bracw's Distillery.
  5969 | D:7      | Acquired Cheibriados' second power
  5976 | D:7      | Bought a potion of heal wounds for 39 gold pieces
  6022 | D:7      | Found Cyes' General Store.
  6028 | D:7      | Found Agaupt's Assorted Antiques.
  6070 | D:7      | Noticed Dowan
  6071 | D:7      | Noticed Duvessa
  6276 | D:7      | Killed Duvessa
  6276 | D:7      | Reached skill level 10 in Polearms
  6280 | D:7      | Killed Dowan
  6376 | D:7      | Found Bekoob's Weapon Emporium.
  6478 | D:7      | Found Qiamifo's Antique Armour Shop.
  6488 | D:7      | Bought a runed buckler for 70 gold pieces
  6515 | D:8      | Acquired Cheibriados' third power
  6560 | D:8      | Killed from afar by an orc priest

Action                   |  1- 3 |  4- 6 |  7- 9 || total
-------------------------+-------+-------+-------++-------
Melee: Dagger            |    46 |     8 |       ||    54
       Unarmed           |     4 |       |       ||     4
       Spear             |    52 |    23 |       ||    75
       Glaive            |       |   100 |       ||   100
       Trident           |       |    14 |   248 ||   262
 Cast: Pain              |     4 |    18 |       ||    22
       Vampiric Draining |     1 |       |       ||     1
       Lethal Infusion   |       |     3 |       ||     3
 Abil: Bottle Blood      |       |       |     1 ||     1
  Use: Potion            |     6 |       |     6 ||    12
       Scroll            |       |    15 |     5 ||    20
 Stab: Sleeping          |     6 |     7 |    11 ||    24
       Distracted        |     1 |       |     2 ||     3
       Fleeing           |       |       |     1 ||     1
